| TOP OF THE 1ST |
|
University of Arizona Wildcats batting - Pitching for University of North Carolina at Chapel Hill Tar Heels : RHP Fernando Conzalez
|
|
Pitching: RHP Fernando Conzalez
|
|
|
Batting: RHB Eddy Amaya
|
0-0: Called Strike 0-1: Ball 1-1: Foul Ball, location: 2F 1-2: Ball 2-2: Foul Ball, location: 2F 2-2: Foul Ball, location: 2F 2-2: Strikes out looking
|
|
Batting: LHB Jere Paatelainen
|
0-0: Called Strike 0-1: Called Strike 0-2: Foul Ball, location: 2F 0-2: Foul Ball, location: 2F 0-2: Ball 1-2: Ball 2-2: Foul Ball, location: 2F 2-2: Ball 3-2: SINGLE (Groundball, 6M, EV 103.1 MPH)
|
|
Batting: LHB Gerald Thornton
|
0-0: Ball Jere Paatelainen steals 2nd, throwing error, E2 Jere Paatelainen to third 1-0: Ground out 6-3 (Groundball, 6, EV 107.5 MPH) Jere Paatelainen scores
|
|
Batting: RHB Ricardo Fernandez
|
0-0: Ball 1-0: Ground out U3 (Groundball, 34S, EV 80.6 MPH)
|
| Top of the 1st over - 1 run, 1 hit, 1 error, 0 left on base; University of Arizona 1 - University of North Carolina at Chapel Hill 0 |
| BOTTOM OF THE 1ST |
|
University of North Carolina at Chapel Hill Tar Heels batting - Pitching for University of Arizona Wildcats : RHP Brad Brooks
|
|
Pitching: RHP Brad Brooks
|
|
|
Batting: LHB Juan Alvarado
|
0-0: Ball 1-0: SINGLE (Line Drive, 7S, EV 102.5 MPH)
|
|
Batting: LHB Chris Robertson
|
0-0: Ball 1-0: Called Strike 1-1: Foul Ball, location: 2F 1-2: Ball 2-2: Ball 3-2: Strikes out swinging
|
|
Batting: RHB Michael Houseman
|
0-0: Called Strike 0-1: Ball 1-1: Foul Ball, location: 2F 1-2: 2-RUN HOME RUN (Flyball, 9LD, EV 94.4 MPH), Distance : 353 ft
|
|
Batting: RHB Mike Machalek
|
0-0: Ball 1-0: Swinging Strike 1-1: Swinging Strike 1-2: SINGLE (Groundball, 5S, EV 60.6 MPH) (infield hit)
|
|
Batting: SHB Jim Saxon
|
0-0: Ball 1-0: Ball 2-0: Called Strike 2-1: Ball 3-1: Foul Ball, location: 2F 3-2: Strikes out looking
|
|
Batting: LHB Roberto Lopez
|
0-0: Called Strike 0-1: Foul Ball, location: 2F 0-2: Fly out, F9 (Flyball, 9LM, EV 96.2 MPH)
|
| Bottom of the 1st over - 2 runs, 3 hits, 0 errors, 1 left on base; University of Arizona 1 - University of North Carolina at Chapel Hill 2 |
| TOP OF THE 2ND |
|
University of Arizona Wildcats batting - Pitching for University of North Carolina at Chapel Hill Tar Heels : RHP Fernando Conzalez
|
|
Batting: RHB Ron Dondale
|
0-0: Ball 1-0: Foul Ball, location: 2F 1-1: Foul Ball, location: 2F 1-2: Ball 2-2: DOUBLE (Flyball, 8LXD, EV 113.1 MPH)
|
|
Batting: SHB Pat Kidd
|
0-0: Ball 1-0: Ball 2-0: Called Strike 2-1: Ground out 5-3 (Groundball, 56S, EV 68.8 MPH) Ron Dondale to third
|
|
Batting: LHB Pascal Noël
|
0-0: Called Strike 0-1: Called Strike 0-2: Ball 1-2: Ball 2-2: Ball 3-2: Ground out 6-3 (Groundball, 6, EV 79.4 MPH) Ron Dondale scores
|
|
Batting: RHB Larry Harlow
|
0-0: Called Strike 0-1: Ball 1-1: SINGLE (Line Drive, 6D, EV 111.2 MPH)
|
|
Batting: SHB George Grace
|
0-0: Called Strike 0-1: Fielders Choice at 2nd, 6-4 (Groundball, 56, EV 77.5 MPH)
|
| Top of the 2nd over - 1 run, 2 hits, 0 errors, 1 left on base; University of Arizona 2 - University of North Carolina at Chapel Hill 2 |
| BOTTOM OF THE 2ND |
|
University of North Carolina at Chapel Hill Tar Heels batting - Pitching for University of Arizona Wildcats : RHP Brad Brooks
|
|
Batting: RHB Tony Jennings
|
0-0: Fly out, F9 (Flyball, 9, EV 93.1 MPH)
|
|
Batting: RHB Brandon Wilson
|
0-0: Called Strike 0-1: Called Strike 0-2: Ball 1-2: Strikes out swinging
|
|
Batting: RHB Brian Brower
|
0-0: Fly out, F7 (Flyball, 7, EV 89.4 MPH)
|
| Bottom of the 2nd over - 0 runs, 0 hits, 0 errors, 0 left on base; University of Arizona 2 - University of North Carolina at Chapel Hill 2 |
| TOP OF THE 3RD |
|
University of Arizona Wildcats batting - Pitching for University of North Carolina at Chapel Hill Tar Heels : RHP Fernando Conzalez
|
|
Batting: RHB Eddy Amaya
|
0-0: Ball 1-0: SOLO HOME RUN (Flyball, 7D, EV 103.1 MPH), Distance : 398 ft
|
|
Batting: LHB Jere Paatelainen
|
0-0: Ball 1-0: Foul Ball, location: 2F 1-1: Foul Ball, location: 2F 1-2: Foul Ball, location: 2F 1-2: SINGLE (Groundball, 3S, EV 68.8 MPH) (infield hit)
|
|
Batting: LHB Gerald Thornton
|
0-0: Ball 1-0: Ball 2-0: Called Strike 2-1: Ball Jere Paatelainen is caught stealing 2nd base 2-6 3-1: DOUBLE (Flyball, 78D, EV 103.1 MPH)
|
|
Batting: RHB Ricardo Fernandez
|
0-0: Fly out, F8 (Line Drive, 8RD, EV 93.8 MPH) Runner from 2nd tags up, SAFE at 3rd with throw by CF
|
|
Batting: RHB Ron Dondale
|
0-0: Ball 1-0: Ball 2-0: Called Strike 2-1: Fly out, F8 (Flyball, 8RD, EV 93.8 MPH)
|
| Top of the 3rd over - 1 run, 3 hits, 0 errors, 1 left on base; University of Arizona 3 - University of North Carolina at Chapel Hill 2 |
| BOTTOM OF THE 3RD |
|
University of North Carolina at Chapel Hill Tar Heels batting - Pitching for University of Arizona Wildcats : RHP Brad Brooks
|
|
Batting: LHB Juan Alvarado
|
0-0: Foul Ball, location: 2F 0-1: Ground out U3 (Groundball, 3S, EV 83.8 MPH)
|
|
Batting: LHB Chris Robertson
|
0-0: Foul Ball, location: 2F 0-1: Called Strike 0-2: Foul Ball, location: 2F 0-2: Fly out, F7 (Flyball, 7LM, EV 87.5 MPH)
|
|
Batting: RHB Michael Houseman
|
0-0: Called Strike 0-1: Fly out, F8 (Flyball, 8RS, EV 82.5 MPH)
|
| Bottom of the 3rd over - 0 runs, 0 hits, 0 errors, 0 left on base; University of Arizona 3 - University of North Carolina at Chapel Hill 2 |
| TOP OF THE 4TH |
|
University of Arizona Wildcats batting - Pitching for University of North Carolina at Chapel Hill Tar Heels : RHP Fernando Conzalez
|
|
Batting: SHB Pat Kidd
|
0-0: Ball 1-0: Called Strike 1-1: Ball 2-1: Ball 3-1: Swinging Strike 3-2: Strikes out swinging
|
|
Batting: LHB Pascal Noël
|
0-0: Swinging Strike 0-1: Ball 1-1: Foul Ball, location: 2F 1-2: Foul Ball, location: 2F 1-2: Foul Ball, location: 2F 1-2: Foul Ball, location: 2F 1-2: Ball 2-2: Ball 3-2: Ground out 2-3 (Groundball, 2L, EV 63.8 MPH)
|
|
Batting: RHB Larry Harlow
|
0-0: Ball 1-0: Called Strike 1-1: Foul Ball, location: 2F 1-2: Fly out, F8 (Flyball, 8LM, EV 85.6 MPH)
|
| Top of the 4th over - 0 runs, 0 hits, 0 errors, 0 left on base; University of Arizona 3 - University of North Carolina at Chapel Hill 2 |
| BOTTOM OF THE 4TH |
|
University of North Carolina at Chapel Hill Tar Heels batting - Pitching for University of Arizona Wildcats : RHP Brad Brooks
|
|
Batting: RHB Mike Machalek
|
0-0: Ground out U3 (Groundball, 34, EV 103.1 MPH)
|
|
Batting: SHB Jim Saxon
|
0-0: Ball 1-0: Called Strike 1-1: Ball 2-1: Foul Ball, location: 2F 2-2: Ball 3-2: Foul Ball, location: 2F 3-2: Strikes out swinging
|
|
Batting: LHB Roberto Lopez
|
0-0: Called Strike 0-1: Ball 1-1: Ground out 3-1 (Groundball, 34, EV 101.2 MPH)
|
| Bottom of the 4th over - 0 runs, 0 hits, 0 errors, 0 left on base; University of Arizona 3 - University of North Carolina at Chapel Hill 2 |
| TOP OF THE 5TH |
|
University of Arizona Wildcats batting - Pitching for University of North Carolina at Chapel Hill Tar Heels : RHP Fernando Conzalez
|
|
Now at 2B: Armando Pena
|
|
|
Batting: SHB George Grace
|
0-0: Called Strike 0-1: Foul Ball, location: 2F 0-2: Ball 1-2: Ball 2-2: Ball 3-2: Ground out 5-3 (Groundball, 56, EV 85.6 MPH)
|
|
Batting: RHB Eddy Amaya
|
0-0: Ball 1-0: Swinging Strike 1-1: Called Strike 1-2: Ball 2-2: SINGLE (Groundball, 23, EV 75.6 MPH) (infield hit)
|
|
Pitching: RHP Berry Dow
|
|
|
Batting: LHB Jere Paatelainen
|
0-0: Called Strike Eddy Amaya steals 2nd base 0-1: SINGLE (Line Drive, 9S, EV 104.4 MPH) Eddy Amaya to third Runner from 3rd tries for Home, SAFE, throw by RF to home
|
|
Batting: LHB Gerald Thornton
|
0-0: Ball 1-0: Ball 2-0: Called Strike 2-1: Foul Ball, location: 2F 2-2: Strikes out swinging
|
|
Batting: LHB Victor Silva
|
0-0: Ball 1-0: Ground out 4-3 (Groundball, 34, EV 81.2 MPH)
|
| Top of the 5th over - 1 run, 2 hits, 0 errors, 1 left on base; University of Arizona 4 - University of North Carolina at Chapel Hill 2 |
| BOTTOM OF THE 5TH |
|
University of North Carolina at Chapel Hill Tar Heels batting - Pitching for University of Arizona Wildcats : RHP Brad Brooks
|
|
Batting: RHB Tony Jennings
|
0-0: Called Strike 0-1: Ball 1-1: Swinging Strike 1-2: Ball 2-2: DOUBLE (Groundball, 5L, EV 100.0 MPH)
|
|
Batting: RHB Brandon Wilson
|
0-0: Ball 1-0: Foul Ball, location: 2F 1-1: Foul Ball, location: 2F 1-2: Fly out, F9 (Flyball, 9S, EV 89.4 MPH)
|
|
Batting: RHB Brian Brower
|
0-0: SINGLE (Flyball, 78S, EV 95.6 MPH) Tony Jennings to third Runner from 3rd tries for Home, SAFE, throw by LF to home
|
|
Batting: LHB Armando Pena
|
0-0: Ball 1-0: Ball 2-0: Called Strike 2-1: Foul Ball, location: 2F 2-2: Strikes out swinging
|
|
Batting: LHB Chris Robertson
|
0-0: Foul Ball, location: 2F 0-1: Foul Ball, location: 2F 0-2: Fly out, F7 (Flyball, 7, EV 90.0 MPH)
|
| Bottom of the 5th over - 1 run, 2 hits, 0 errors, 1 left on base; University of Arizona 4 - University of North Carolina at Chapel Hill 3 |
| TOP OF THE 6TH |
|
University of Arizona Wildcats batting - Pitching for University of North Carolina at Chapel Hill Tar Heels : RHP Berry Dow
|
|
Batting: RHB Ron Dondale
|
0-0: Called Strike 0-1: Ball 1-1: Foul Ball, location: 2F 1-2: Ball 2-2: Fly out, F8 (Line Drive, 8RM, EV 93.8 MPH)
|
|
Pinch Hitting: RHB Mark Walters
|
0-0: Ball 1-0: Foul Ball, location: 2F 1-1: Ball 2-1: Ball 3-1: Foul Ball, location: 2F 3-2: Strikes out looking
|
|
Batting: LHB Pascal Noël
|
0-0: Ball 1-0: Foul Ball, location: 2F 1-1: Ball 2-1: Called Strike 2-2: Ball 3-2: Base on Balls
|
|
Pitching: RHP Ian Hunt
|
|
|
Batting: RHB Larry Harlow
|
0-0: Ball Pascal Noël steals 2nd base 1-0: Foul Ball, location: 2F 1-1: SINGLE (Line Drive, 3D, EV 98.8 MPH) Pascal Noël to third Runner from 3rd tries for Home, SAFE, throw by RF to home Larry Harlow to second
|
|
Batting: SHB George Grace
|
0-0: Ball 1-0: Ball 2-0: Ball 3-0: Called Strike 3-1: Fly out, F8 (Flyball, 8RD, EV 99.4 MPH)
|
| Top of the 6th over - 1 run, 1 hit, 0 errors, 1 left on base; University of Arizona 5 - University of North Carolina at Chapel Hill 3 |
| BOTTOM OF THE 6TH |
|
University of North Carolina at Chapel Hill Tar Heels batting - Pitching for University of Arizona Wildcats : RHP Brad Brooks
|
|
Pitching: RHP Carlos Maravilla
|
|
|
Now at 3B: Mark Walters
|
|
|
Now at SS: Ron Dondale
|
|
|
Now in RF: Kevin Verret
|
|
|
Batting: RHB Michael Houseman
|
0-0: Ball 1-0: Swinging Strike 1-1: Foul Ball, location: 2F 1-2: Foul Ball, location: 2F 1-2: Ball 2-2: Strikes out looking
|
|
Batting: RHB Mike Machalek
|
0-0: Called Strike 0-1: Ball 1-1: Fly out, F8 (Line Drive, 8LM, EV 89.4 MPH)
|
|
Batting: SHB Jim Saxon
|
0-0: Ball 1-0: Called Strike 1-1: Ball 2-1: Ball 3-1: Base on Balls
|
|
Batting: LHB Roberto Lopez
|
0-0: Fly out, F7 (Line Drive, 7S, EV 110.0 MPH)
|
| Bottom of the 6th over - 0 runs, 0 hits, 0 errors, 1 left on base; University of Arizona 5 - University of North Carolina at Chapel Hill 3 |
| TOP OF THE 7TH |
|
University of Arizona Wildcats batting - Pitching for University of North Carolina at Chapel Hill Tar Heels : RHP Ian Hunt
|
|
Pitching: RHP Brian Spedafino
|
|
|
Batting: RHB Eddy Amaya
|
0-0: Called Strike 0-1: Ball 1-1: Ball 2-1: Swinging Strike 2-2: Ball 3-2: Base on Balls
|
|
Batting: LHB Jere Paatelainen
|
0-0: Sac Bunt to 15 - play at first, batter OUT! 1-3 Eddy Amaya to second
|
|
Batting: LHB Gerald Thornton
|
0-0: Ball 1-0: Fly out, F9 (Flyball, 9, EV 94.4 MPH)
|
|
Batting: LHB Victor Silva
|
0-0: Swinging Strike 0-1: Ground out 4-3 (Groundball, 4, EV 85.6 MPH)
|
| Top of the 7th over - 0 runs, 0 hits, 0 errors, 1 left on base; University of Arizona 5 - University of North Carolina at Chapel Hill 3 |
| BOTTOM OF THE 7TH |
|
University of North Carolina at Chapel Hill Tar Heels batting - Pitching for University of Arizona Wildcats : RHP Carlos Maravilla
|
|
Pitching: LHP Jamal Jeter
|
|
|
Batting: RHB Tony Jennings
|
0-0: Ball 1-0: Ball 2-0: Ball 3-0: Called Strike 3-1: Swinging Strike 3-2: Fly out, F3 (Popup, 3F, EV 50.0 MPH)
|
|
Batting: RHB Brandon Wilson
|
0-0: Ball 1-0: Ball 2-0: Called Strike 2-1: Ball 3-1: Ground out 5-3 (Groundball, 56, EV 103.1 MPH)
|
|
Batting: RHB Brian Brower
|
0-0: Swinging Strike 0-1: SINGLE (Groundball, 4D, EV 103.1 MPH)
|
|
Batting: LHB Armando Pena
|
0-0: Called Strike 0-1: Ball 1-1: Foul Ball, location: 2F 1-2: Strikes out looking
|
| Bottom of the 7th over - 0 runs, 1 hit, 0 errors, 1 left on base; University of Arizona 5 - University of North Carolina at Chapel Hill 3 |
| TOP OF THE 8TH |
|
University of Arizona Wildcats batting - Pitching for University of North Carolina at Chapel Hill Tar Heels : RHP Brian Spedafino
|
|
Pitching: RHP Jason Kaelber
|
|
|
Batting: RHB Ron Dondale
|
0-0: Ball 1-0: Ball 2-0: Ball 3-0: Called Strike 3-1: Called Strike 3-2: Foul Ball, location: 2F 3-2: Base on Balls
|
|
Batting: RHB Mark Walters
|
0-0: Called Strike Ron Dondale is caught stealing 2nd base 2-4 0-1: Foul Ball, location: 2F 0-2: Fly out, F8 (Flyball, 89M, EV 91.2 MPH)
|
|
Batting: LHB Kevin Verret
|
0-0: Foul Ball, location: 2F 0-1: Ball 1-1: Ball 2-1: SINGLE (Line Drive, 78S, EV 93.1 MPH)
|
|
Batting: RHB Larry Harlow
|
0-0: Ground out 5-3 (Groundball, 56S, EV 81.2 MPH)
|
| Top of the 8th over - 0 runs, 1 hit, 0 errors, 1 left on base; University of Arizona 5 - University of North Carolina at Chapel Hill 3 |
| BOTTOM OF THE 8TH |
|
University of North Carolina at Chapel Hill Tar Heels batting - Pitching for University of Arizona Wildcats : LHP Jamal Jeter
|
|
Pitching: RHP Tristen Brown
|
|
|
Batting: LHB Chris Robertson
|
0-0: Swinging Strike 0-1: Swinging Strike 0-2: Ball 1-2: Foul Ball, location: 2F 1-2: Ball 2-2: Ball 3-2: Strikes out swinging
|
|
Batting: RHB Michael Houseman
|
0-0: Called Strike 0-1: Swinging Strike 0-2: Ball 1-2: Foul Ball, location: 2F 1-2: Ball 2-2: Strikes out swinging
|
|
Batting: RHB Mike Machalek
|
0-0: Called Strike 0-1: Ball 1-1: Foul Ball, location: 2F 1-2: Strikes out looking
|
| Bottom of the 8th over - 0 runs, 0 hits, 0 errors, 0 left on base; University of Arizona 5 - University of North Carolina at Chapel Hill 3 |
| TOP OF THE 9TH |
|
University of Arizona Wildcats batting - Pitching for University of North Carolina at Chapel Hill Tar Heels : RHP Jason Kaelber
|
|
Pitching: RHP Alex Aldaya
|
|
|
Batting: SHB George Grace
|
0-0: Foul Ball, location: 2F 0-1: Ball 1-1: Swinging Strike 1-2: Ball 2-2: SINGLE (Groundball, 34D, EV 107.5 MPH)
|
|
Batting: RHB Eddy Amaya
|
0-0: 2-RUN HOME RUN (Line Drive, 7LD, EV 95.6 MPH), Distance : 377 ft
|
|
Batting: LHB Jere Paatelainen
|
0-0: Ball 1-0: Called Strike 1-1: Ball 2-1: Called Strike 2-2: Fly out, F7 (Flyball, 7LM, EV 91.9 MPH)
|
|
Batting: LHB Gerald Thornton
|
0-0: Swinging Strike 0-1: Fly out, F7 (Line Drive, 78M, EV 93.8 MPH)
|
|
Batting: LHB Victor Silva
|
0-0: Ball 1-0: Called Strike 1-1: Swinging Strike 1-2: Ball 2-2: Ball 3-2: Strikes out swinging
|
| Top of the 9th over - 2 runs, 2 hits, 0 errors, 0 left on base; University of Arizona 7 - University of North Carolina at Chapel Hill 3 |
| BOTTOM OF THE 9TH |
|
University of North Carolina at Chapel Hill Tar Heels batting - Pitching for University of Arizona Wildcats : RHP Tristen Brown
|
|
Pitching: RHP Steve Smit
|
|
|
Batting: SHB Jim Saxon
|
0-0: Swinging Strike 0-1: Ball 1-1: Called Strike 1-2: Ball 2-2: Ball 3-2: Foul Ball, location: 2F 3-2: Fly out, F8 (Flyball, 8LD, EV 78.8 MPH)
|
|
Batting: RHB Steve Breshears
|
0-0: Ball 1-0: Called Strike 1-1: Foul Ball, location: 2F 1-2: Strikes out swinging
|
|
Batting: RHB Tony Jennings
|
0-0: Ball 1-0: Called Strike 1-1: Fly out, F8 (Flyball, 8LD, EV 91.9 MPH)
|
| Bottom of the 9th over - 0 runs, 0 hits, 0 errors, 0 left on base; University of Arizona 7 - University of North Carolina at Chapel Hill 3 |
|